 Dungeon Crawl Stone Soup version 0.23.0 (webtiles) character file.

Game seed: 5006722485503383981

134435 Lavandula the Spry (level 17, -8/106 HPs)
             Began as a Kobold Abyssal Knight on Feb 14, 2019.
             Was a High Priest of Lugonu.
             Mangled by a cyan very ugly thing (20 damage)
             ... on level 3 of the Depths on Feb 15, 2019.
             The game lasted 01:47:06 (31900 turns).

Lavandula the Spry (Kobold Abyssal Knight)         Turns: 31900, Time: 01:47:06

Health: -8/106     AC: 15    Str: 12    XL:     17   Next: 75%
Magic:  8/26       EV: 29    Int: 15    God:    Lugonu [*****.]
Gold:   68         SH: 12    Dex: 17    Spells: 16/24 levels left

rFire    . . .     SeeInvis .   i - +2 short sword (venom)
rCold    . . .     Gourm    .   m - +3 buckler {AC+3}
rNeg     . . .     Faith    .   v - +4 troll leather armour
rPois    .         Spirit   .   (no helmet)
rElec    .         Reflect  +   A - scarf {cloud immunity}
rCorr    .         Harm     .   (no gloves)
MR       ++...                  N - +2 pair of boots
Stlth    ++++......             E - +2 amulet of reflection
HPRegen  0.67/turn              g - +5 ring of slaying
MPRegen  0.20/turn              j - ring of protection from magic

@: no status effects
A: small, carnivore, no potion heal 1
a: Depart the Abyss, Bend Space, Banish, Corrupt, Enter the Abyss, Renounce
Religion


You were on level 3 of the Depths.
You worshipped Lugonu.
Lugonu was extremely pleased with you.
You were not hungry.

You visited 2 branches of the dungeon, and saw 18 of its levels.
You visited the Abyss 2 times.
You also visited: Sewer and Bailey.

You collected 1732 gold pieces.
You spent 1664 gold pieces at shops.

Inventory:

Hand Weapons
 a - a +3 dagger of draining
 e - the +7 hand axe "Juwiderott" {chop, rElec rN+ MP+9 Str+4}
   (You found it on level 13 of the Dungeon)

   It inflicts extra damage upon your enemies.
   It affects your strength (+4).
   It insulates you from electricity.
   It protects you from negative energy.
   It affects your magic capacity (+9).
 i - a +2 short sword of venom (weapon)
 t - a +0 blowgun
 M - a +2 falchion of electrocution
Missiles
 u - 30 tomahawks of returning (quivered)
 Y - 36 poisoned needles
Armour
 k - a +1 buckler of poison resistance
 m - a +3 buckler of protection (worn)
 q - the +2 faerie dragon scales {rF+ rN+ rCorr Str-3 Stlth+}
   (You took it off the Enchantress on level 1 of the Depths)

   It affects your strength (-3).
   It protects you from fire.
   It protects you from negative energy.
   It provides partial protection from all sources of acid and corrosion.
   It makes you more stealthy.
 v - a +4 troll leather armour (worn)
 A - a scarf of cloud immunity (worn)
 N - a +2 pair of boots (worn)
 W - +0 acid dragon scales
Magical Staves
 b - an uncursed staff of wizardry
 F - an uncursed staff of air
 I - an uncursed staff of energy
Jewellery
 g - a +5 ring of slaying (left hand)
 j - a ring of protection from magic (right hand)
 p - an uncursed ring of protection from fire
 r - a +3 ring of evasion
 E - a +2 amulet of reflection (around neck)
 H - an uncursed ring of protection from cold
Wands
 O - a wand of flame (21)
 Q - a wand of digging (5)
Scrolls
 d - 12 scrolls of remove curse
 f - 3 scrolls of immolation
 n - 4 scrolls of fog
 s - 4 scrolls of blinking
 y - 2 scrolls of magic mapping
 B - 4 scrolls of amnesia
 G - 5 scrolls of teleportation
 L - 2 scrolls of enchant weapon
 P - a scroll of brand weapon
 S - 3 scrolls of silence
 U - a scroll of holy word
 X - a scroll of vulnerability
Potions
 h - a potion of heal wounds
 l - 2 potions of flight
 o - a potion of agility
 w - 2 potions of magic
 z - a potion of ambrosia
 C - 4 potions of curing
 K - 7 potions of lignification
 R - 2 potions of brilliance
 V - a potion of invisibility
 Z - 4 potions of mutation
Comestibles
 c - 25 rations


   Skills:
 - Level 12.0 Fighting
 - Level 11.6(12.0) Short Blades
 - Level 3.0(5.7) Long Blades
 - Level 5.1 Throwing
 - Level 4.5 Armour
 - Level 18.3 Dodging
 - Level 8.5 Stealth
 - Level 5.6 Shields
 - Level 4.0 Spellcasting
 - Level 3.3 Conjurations
 + Level 7.8 Hexes
 - Level 5.9 Transmutations
 - Level 2.2 Earth Magic
 - Level 12.0 Invocations
 - Level 5.3 Evocations


You had 16 spell levels left.
You knew the following spells:

 Your Spells              Type           Power        Failure   Level  Hunger
a - Passwall              Tmut/Erth      ###.....     6%          2    ##.....
b - Dazzling Spray        Conj/Hex       ###...       7%          3    ###....
c - Confuse               Hex            ####....     2%          3    ###....

Your spell library contained the following spells:

 Spells                   Type           Power        Failure   Level  Hunger
 Corona                   Hex            ####...      1%          1    None
 Tukima's Dance           Hex            ####....     2%          3    ###....
 Ensorcelled Hibernation  Hex/Ice        ##....       7%          2    ##.....
 Sandblast                Erth           #.....       9%          1    None
 Stone Arrow              Conj/Erth      ##....       22%         3    ###....
 Swiftness                Chrm/Air       #.......     34%         2    ##.....
 Petrify                  Tmut/Erth      ###.....     38%         4    ####...
 Darkness                 Hex            ####......   80%         6    #######
 Invisibility             Hex            ####....     80%         6    #######
 Passage of Golubria      Tloc           N/A          92%         4    ####...
 Lee's Rapid Deconstruct  Erth           #.........   94%         5    ######.


Dungeon Overview and Level Annotations

Branches:
Dungeon (15/15)            Temple (0/1) D:7            Lair (0/6) D:9
    Orc (0/2) D:12         Depths (3/5) D:15
 Vaults: D:13-14

Altars:
Ashenzari
Dithmenos
Fedhas
Gozag
Hepliaklqana
Kikubaaqudgha
Nemelex Xobeh
Ru
Sif Muna
Trog
Uskayaw
Vehumet
Yredelemnul
Zin
The Shining One
Jiyva

Shops:
D:5 =   Depths:1 :   Depths:2 *

Portals:
Hell: Depths:2 Depths:3
Abyss: Depths:1 Depths:2
Pandemonium: Depths:3
Ziggurat: Depths:2

Annotations:
D:5 1 runed translucent door
D:7 exclusion: ice statue
D:11 exclusion: skeletal warrior
Depths:1 corrupted, exclusion: hell hound
Depths:2 1 exclusion
Depths:3 3 runed translucent doors, lextramoth's ghost, veteran CeHu
Abyss:1 Joseph, Menkaure


Innate Abilities, Weirdness & Mutations

You are small and have problems with some larger weapons.
You are carnivorous and can eat meat at any time.
Potions are less effective at restoring your health.


Message History

The cyan very ugly thing completely misses you.
Casting: Confuse (safe; 2% risk of failure)
Confirm with . or Enter, or press ? or * to list all spells.
Aiming: Confuse (safe; 2% risk of failure)
Press: ? - help, Shift-Dir - straight line, f/p - cyan very ugly thing
Aim: a cyan very ugly thing (lightly wounded, poisoned, chance to defeat MR: 37%)
The cyan very ugly thing resists with some effort.
The cyan very ugly thing tentacle-slaps you!
The cyan very ugly thing shocks you!!
* * * LOW HITPOINT WARNING * * *
Casting: Confuse (safe; 2% risk of failure)
Confirm with . or Enter, or press ? or * to list all spells.
Aiming: Confuse (safe; 2% risk of failure)
Press: ? - help, Shift-Dir - straight line, f/p - cyan very ugly thing
Aim: a cyan very ugly thing (lightly wounded, poisoned, chance to defeat MR: 37%)
The cyan very ugly thing appears confused.
The cyan very ugly thing tentacle-slaps you!
* * * LOW HITPOINT WARNING * * *
The cyan very ugly thing shocks you!!
You die...

#.# ####### #.#
.u.....#########)#
uu.....#.........#
..u..u.u......####
.......#u######
.u...c.#.#
.......#u#####
.......#uu@..#
.......#####.#
....... # .......


You could see 3 very ugly things.

Vanquished Creatures
  the Enchantress (Depths:1)
  A tengu reaver (Depths:3)
  A frost giant (Depths:3)
  Louise (Depths:1)
  5 very ugly things
  4 stone giants
  A spark wasp (shapeshifter) (Depths:1)
  4 ettins
  Josephine (D:11)
  4 yaktaur captains
  4 great orbs of eyes
  A merfolk impaler (Depths:2)
  2 ogre magi
  A fire dragon (Depths:3)
  A rakshasa (Depths:2)
  4 spriggan air magi
  2 ice dragons
  5 centaur warriors
  12 two-headed ogres
  6 deep troll shamans
  A spriggan berserker (Depths:2)
  2 tengu warriors (Depths:1)
  A deep troll earth mage (Depths:1)
  3 iron trolls
  2 unseen horrors
  A skeletal warrior (D:15)
  6 deep trolls
  A gelid demonspawn (Depths:3)
  Pikel (D:8)
  23 ugly things
  A cyclops (D:12)
  A manticore (shapeshifter) (Depths:2)
  A deep elf mage (D:14)
  A smoke demon (Depths:3)
  An orange demon (Depths:3)
  A gargoyle (D:12)
  A kobold demonologist (D:13)
  A freezing wraith (D:14)
  15 yaktaurs
  A queen bee (D:9)
  A red devil (Depths:1)
  5 trolls
  5 slime creatures
  A harpy skeleton (D:15)
  A hippogriff (D:8)
  A wyvern (D:10)
  3 shadows
  A water elemental (Depths:3)
  5 wraiths (D:11)
  14 yaks
  2 hungry ghosts
  An acid dragon (D:14)
  8 hell hounds
  2 sky beasts
  2 black bears
  2 slaves (D:8)
  3 ice beasts
  12 orc warriors
  7 ogres
  4 necrophages
  3 boggarts (Depths:3)
  23 centaurs
  3 eyes of draining
  2 crocodiles
  4 big kobolds (Sewer)
  Blork the orc (D:4)
  8 bullfrogs
  A gnoll sergeant (D:8)
  A wyvern skeleton (D:9)
  A small abomination (Abyss:3)
  A scorpion (D:14)
  18 killer bees
  3 centaur zombies
  2 howler monkeys (D:5)
  10 crimson imps
  2 quasits
  A bullfrog zombie (D:7)
  2 centaur skeletons
  8 hounds
  4 bullfrog skeletons
  8 orc priests
  5 jellies
  13 orc wizards
  5 iguanas
  12 worker ants
  A hound zombie (D:5)
  7 gnolls
  15 adders
  2 river rats (Sewer)
  A shadow imp (D:6)
  7 oozes
  An adder skeleton (D:4)
  9 worms
  2 dart slugs
  13 leopard geckos
  59 orcs
  7 ball pythons
  8 bats
  8 giant cockroaches
  10 goblins
  14 hobgoblins
  8 jackals
  26 kobolds
  11 quokkas
  6 frilled lizards
  A giant cockroach zombie (D:5)
  15 rats
578 creatures vanquished.

Vanquished Creatures (others)
  Saint Roka (Depths:1)
  A lich (Depths:1)
  A sphinx (Depths:1)
  A fire giant (D:15)
  2 very ugly things (Depths:1)
  A war gargoyle (D:13)
  3 spriggan defenders (Depths:1)
  A stone giant (Depths:2)
  5 spark wasps
  A fire dragon (Depths:1)
  3 ice dragons (Depths:1)
  3 spriggan air magi (Depths:1)
  A great orb of eyes (Depths:1)
  A centaur warrior (Depths:1)
  5 two-headed ogres
  A hydra (D:15)
  3 deep troll shamans (Depths:1)
  An ogre mage (Depths:1)
  2 iron trolls (Depths:1)
  2 spriggan berserkers (Depths:1)
  A soul eater (Depths:1)
  An unseen horror (D:13)
  A skeletal warrior (D:11)
  A wizard (Depths:1)
  4 deep trolls (Depths:1)
  3 ugly things
  A gargoyle (D:12)
  2 yaktaurs
  A rime drake (shapeshifter) (Depths:2)
  A freezing wraith (D:15)
  A troll (Depths:1)
  A hornet (D:8)
  8 slime creatures (Depths:1)
  A hippogriff (D:7)
  A basilisk (D:9)
  A fire bat (shapeshifter) (Depths:1)
  A warg (Depths:1)
  3 orc warriors
  5 ogres
  A crimson imp (Depths:1)
  An orc wizard (Depths:1)
  2 gnolls (D:8)
  2 orcs (Depths:1)
  A fungus (D:9)
  3 plants
  9 starspawn tentacles (Depths:1)
96 creatures vanquished.

Grand Total: 674 creatures vanquished

Notes
Turn   | Place    | Note
-------+----------+-------------------------------------------
     0 | Abyss:1  | Lavandula the Kobold Abyssal Knight began the quest for the
                  | Orb.
     0 | Abyss:1  | Reached XP level 1. HP: 14/14 MP: 2/2
    47 | Abyss:1  | Noticed a small abomination
    58 | Abyss:1  | Noticed a quasit
    65 | D:1      | Escaped the Abyss
   110 | D:1      | Reached XP level 2. HP: 4/19 MP: 3/3
   419 | D:1      | Reached * piety under Lugonu
   451 | D:1      | Reached XP level 3. HP: 16/23 MP: 4/4
  1365 | D:2      | Reached skill level 1 in Short Blades
  1452 | D:2      | Reached XP level 4. HP: 26/28 MP: 5/5
  1663 | D:2      | Reached ** piety under Lugonu
  2658 | D:2      | Reached XP level 5. HP: 29/32 MP: 6/6
  3134 | D:3      | Found a deep blue altar of Sif Muna.
  3425 | D:3      | Reached skill level 5 in Short Blades
  3723 | D:4      | Noticed Blork the orc
  3732 | D:4      | Killed Blork the orc
  3732 | D:4      | Reached XP level 6. HP: 34/37 MP: 7/7
  3772 | D:4      | Found a blossoming altar of Fedhas.
  3801 | D:4      | Found a glowing drain.
  3944 | D:4      | Reached XP level 7. HP: 27/41 MP: 8/8
  3981 | Sewer    | Entered a sewer
  4468 | Sewer    | Reached *** piety under Lugonu
  4834 | Sewer    | Reached XP level 8. HP: 35/46 MP: 9/9
  5074 | D:4      | Found an opulent altar of Gozag.
  5098 | D:4      | Reached skill level 10 in Short Blades
  5447 | D:4      | Found a sparkling altar of Nemelex Xobeh.
  5465 | D:4      | Found a shadowy altar of Dithmenos.
  5578 | D:4      | Found a shattered altar of Ashenzari.
  5704 | D:5      | Entered Level 5 of the Dungeon
  6253 | D:5      | Found Metick's Jewellery Emporium.
  6281 | D:5      | Found a glowing golden altar of the Shining One.
  6281 | D:5      | Noticed an angel
  6282 | D:5      | Found a runed translucent door.
  6390 | D:5      | Found a hide-covered altar of Uskayaw.
  6960 | D:5      | Found a glowing silver altar of Zin.
  7173 | D:6      | Reached skill level 5 in Invocations
  7659 | D:6      | Reached XP level 9. HP: 50/51 MP: 13/13
  7687 | D:6      | Noticed Menkaure
  7690 | D:6      | Banished Menkaure
  8294 | D:6      | Found a bloodstained altar of Trog.
  8988 | D:7      | Found a staircase to the Ecumenical Temple.
  9029 | D:7      | Found a hazy altar of Hepliaklqana.
  9035 | D:7      | Reached **** piety under Lugonu
  9089 | D:7      | Found a radiant altar of Vehumet.
  9196 | D:7      | Reached skill level 3 in Dodging
  9215 | D:7      | Noticed a hippogriff
  9217 | D:7      | Banished a hippogriff
  9245 | D:7      | Reached skill level 4 in Dodging
  9250 | D:7      | Noticed an ice statue
  9323 | D:8      | Found a basalt altar of Yredelemnul.
  9335 | D:8      | Reached skill level 1 in Evocations
  9505 | D:8      | Noticed a two-headed ogre
  9507 | D:8      | Banished a two-headed ogre
  9507 | D:8      | Reached XP level 10. HP: 49/56 MP: 16/16
  9581 | D:8      | Noticed Pikel
  9871 | D:8      | Reached skill level 5 in Evocations
 10126 | D:8      | Killed Pikel
 10503 | D:8      | Reached skill level 10 in Invocations
 10932 | D:8      | Found an ancient bone altar of Kikubaaqudgha.
 10978 | D:8      | Noticed Joseph
 10980 | D:8      | Banished Joseph
 11217 | D:9      | Reached skill level 1 in Stealth
 11355 | D:9      | Noticed a cyan ugly thing
 11360 | D:9      | Banished a cyan ugly thing
 11396 | D:9      | Reached skill level 5 in Stealth
 11685 | D:9      | Found a sacrificial altar of Ru.
 11837 | D:9      | Found a staircase to the Lair.
 12282 | D:9      | Reached XP level 11. HP: 31/60 MP: 18/18
 13606 | D:10     | Entered Level 10 of the Dungeon
 13684 | D:10     | Reached skill level 5 in Fighting
 13766 | D:10     | Identified the ring "Zuugupit" {rC+ Str+2 Int+4}
 13770 | D:10     | Found a flagged portal.
 13779 | D:10     | Noticed a red ugly thing
 13781 | Bailey   | Entered a bailey
 14014 | Bailey   | Reached skill level 1 in Throwing
 15106 | Bailey   | fuck
 15377 | D:10     | Reached skill level 5 in Throwing
 15623 | D:10     | Reached skill level 5 in Dodging
 15722 | D:10     | Reached ***** piety under Lugonu
 15848 | D:10     | Banished a red ugly thing
 15848 | D:10     | Reached skill level 6 in Dodging
 16140 | D:11     | Noticed Josephine
 16188 | D:11     | Reached skill level 7 in Dodging
 16546 | D:11     | Reached skill level 8 in Dodging
 16786 | D:11     | Killed Josephine
 16786 | D:11     | Reached skill level 9 in Dodging
 16898 | D:11     | Reached XP level 12. HP: 45/68 MP: 19/19
 17101 | D:11     | Noticed a skeletal warrior
 17101 | D:11     | Noticed a skeletal warrior
 17133 | D:11     | Banished a skeletal warrior
 17133 | D:11     | Reached skill level 10 in Dodging
 17268 | D:11     | Killed an unseen horror
 17511 | D:12     | HP: 3/68 [centaur/cursed -3 shortbow (8)]
 17527 | D:12     | Reached skill level 11 in Dodging
 17821 | D:12     | Found a staircase to the Orcish Mines.
 18328 | D:12     | Reached skill level 12 in Dodging
 18567 | D:11     | Noticed a skeletal warrior
 18844 | D:13     | Noticed a two-headed ogre
 18877 | D:13     | Killed a two-headed ogre
 19209 | D:13     | Got a brightly glowing hand axe
 19210 | D:13     | Identified the +7 hand axe "Juwiderott" {chop, rElec rN+
                  | MP+9 Str+4} (You found it on level 13 of the Dungeon)
 19271 | D:13     | Reached skill level 13 in Dodging
 19499 | D:13     | Noticed a two-headed ogre
 19900 | D:13     | Killed a two-headed ogre
 20093 | D:13     | Banished an unseen horror
 20320 | D:13     | Noticed a two-headed ogre
 20375 | D:13     | Killed a two-headed ogre
 20375 | D:13     | Reached skill level 14 in Dodging
 20375 | D:13     | Reached XP level 13. HP: 34/72 MP: 20/20
 20565 | D:13     | Noticed a centaur warrior
 20566 | D:13     | Noticed a centaur warrior
 20574 | D:13     | Killed a centaur warrior
 20592 | D:13     | Killed a centaur warrior
 20615 | D:13     | Noticed a war gargoyle
 20619 | D:13     | Noticed an ettin
 20619 | D:13     | a mana viper changed into an ettin
 20621 | D:13     | Banished a war gargoyle
 20621 | D:13     | an ettin changed into an alligator
 20633 | D:13     | Noticed an ettin
 20633 | D:13     | a slime creature changed into an ettin
 20634 | D:13     | Noticed an entropy weaver
 20634 | D:13     | an ettin changed into an entropy weaver
 20637 | D:13     | Noticed a five-headed hydra
 20637 | D:13     | an entropy weaver changed into a five-headed hydra
 20638 | D:13     | Noticed a spark wasp
 20638 | D:13     | a five-headed hydra changed into a spark wasp
 22167 | D:15     | Entered Level 15 of the Dungeon
 22167 | D:15     | Noticed a centaur warrior
 22189 | D:15     | Killed a centaur warrior
 22492 | D:15     | Reached skill level 15 in Dodging
 22492 | D:15     | Reached XP level 14. HP: 86/86 MP: 23/23
 22493 | D:15     | Reached skill level 16 in Dodging
 22493 | D:15     | Reached XP level 15. HP: 90/90 MP: 24/24
 22683 | D:15     | Found a viscous altar of Jiyva.
 23258 | D:15     | Reached skill level 10 in Fighting
 23428 | D:15     | Found a staircase to the Depths.
 23428 | D:15     | Noticed a fire giant
 23441 | D:15     | Banished a fire giant
 23566 | Depths:1 | Entered Level 1 of the Depths
 23581 | Depths:1 | Corrupted Depths:1
 23581 | Depths:1 | Noticed a purple very ugly thing
 23581 | Depths:1 | Noticed a tentacled starspawn
 23581 | Depths:1 | Noticed a profane servitor
 23592 | Depths:1 | Noticed a tentacled starspawn
 23598 | Depths:1 | Killed a brown very ugly thing
 23606 | Depths:1 | Reached skill level 1 in Armour
 23607 | Depths:1 | Killed a spriggan defender
 23623 | Depths:1 | Killed a spriggan defender
 23625 | Depths:1 | Killed a brown very ugly thing
 23634 | Depths:1 | Killed a lich
 23639 | Depths:1 | Killed Saint Roka
 23649 | Depths:1 | Killed a sphinx
 23694 | Depths:1 | Found Unkoseij's One-of-a-Kind Books.
 23700 | Depths:1 | Killed a spriggan defender
 23952 | D:5      | Bought a +5 ring of slaying for 1364 gold pieces
 24385 | Depths:1 | Identified the +2 faerie dragon scales {rF+ rN+ rCorr Str-3
                  | Stlth+}
 24385 | Depths:1 | Noticed the Enchantress
 24416 | Depths:1 | Killed the Enchantress
 24877 | Depths:1 | Noticed a stone giant
 24918 | Depths:1 | Killed a stone giant
 25264 | Depths:1 | Reached skill level 5 in Shields
 25264 | Depths:1 | Reached XP level 16. HP: 93/99 MP: 25/25
 25397 | Depths:1 | Noticed Louise
 25470 | Depths:1 | Cast into level 3 of the Abyss (Louise)
 25494 | Abyss:3  | Learned a level 2 spell: Passwall
 25544 | Depths:1 | Escaped the Abyss
 25627 | Depths:1 | Killed Louise
 25710 | Depths:1 | Found a one-way gate to the infinite horrors of the Abyss.
 25738 | Depths:1 | You fall through a shaft!
 25829 | Depths:1 | Reached skill level 1 in Transmutations
 26157 | Depths:2 | Paralysed by a great orb of eyes for 7 turns
 26170 | Depths:2 | Paralysed by a great orb of eyes for 5 turns
 26344 | Depths:2 | Reached skill level 5 in Transmutations
 26432 | Depths:2 | Reached skill level 1 in Spellcasting
 26854 | Depths:2 | Reached skill level 17 in Dodging
 27075 | Depths:2 | Paralysed by a great orb of eyes for 4 turns
 27307 | Depths:2 | Noticed a frost giant
 27307 | Depths:2 | Noticed a juggernaut
 27379 | Depths:2 | Reached skill level 18 in Dodging
 27492 | Depths:2 | Found a shattered altar of Ashenzari.
 27962 | Depths:2 | Reached XP level 17. HP: 86/104 MP: 26/26
 27976 | Depths:2 | Found Ismugg's Assorted Antiques.
 28007 | Depths:2 | Found a gateway to a ziggurat.
 28393 | Depths:2 | Found a gateway to Hell.
 28677 | Depths:2 | Learned a level 3 spell: Dazzling Spray
 28816 | Depths:2 | Reached skill level 1 in Hexes
 28982 | Depths:3 | Reached skill level 1 in Conjurations
 29292 | Depths:3 | Learned a level 3 spell: Confuse
 29306 | Depths:3 | Found a runed translucent gate.
 29306 | Depths:3 | Found a runed translucent gate.
 29448 | Depths:3 | Found a runed translucent gate.
 29763 | Depths:3 | Found a one-way gate leading to the halls of Pandemonium.
 29763 | Depths:3 | Gained mutation: Potions are less effective at restoring
                  | your health. [a neqoxec]
 30165 | Depths:3 | Reached skill level 5 in Hexes
 30265 | Depths:3 | Noticed lextramoth's ghost (veteran CeHu)
 30648 | D:5      | Bought an uncursed ring of protection from magic for 300
                  | gold pieces
 31372 | Depths:3 | Noticed a tengu reaver
 31627 | Depths:3 | Killed a tengu reaver
 31900 | Depths:3 | Mangled by a cyan very ugly thing

Skill      XL: |  1  2  3  4  5  6  7  8  9 10 11 12 13 14 15 16 17 |
---------------+----------------------------------------------------+-----
Long Blades    | 2 3 |  3.0
Short Blades   | 1 3 6 7 9 10 11 | 11.6
Invocations    | 6 8 10 12 | 12.0
Dodging        | 4 9 14 15 16 18 | 18.3
Evocations     | 4 5 |  5.3
Stealth        | 8 |  8.5
Fighting       | 5 9 10 12 | 12.0
Throwing       | 5 |  5.1
Armour         | 2 4 |  4.5
Shields        | 5 |  5.6
Earth Magic    | 2 |  2.2
Transmutations | 5 |  5.9
Spellcasting   | 4 |  4.0
Hexes          | 7 |  7.8
Conjurations   | 3 |  3.3

Action                   |  1- 3 |  4- 6 |  7- 9 | 10-12 | 13-15 | 16-18 || total
-------------------------+-------+-------+-------+-------+-------+-------++-------
Melee: Falchion          |    61 |       |       |       |       |       ||    61
       Short sword       |    25 |   177 |   563 |  1077 |   579 |  1160 ||  3581
       Dagger            |       |       |       |    34 |       |    28 ||    62
 Fire: Blowgun           |       |       |     5 |    27 |       |       ||    32
Throw: Tomahawk          |       |       |       |    23 |     3 |    22 ||    48
 Cast: Dazzling Spray    |       |       |       |       |       |    27 ||    27
       Confuse           |       |       |       |       |       |     7 ||     7
Invok: Depart the Abyss  |     1 |       |       |       |       |     1 ||     2
       Banish            |       |       |     6 |    13 |     7 |     5 ||    31
       Corrupt           |       |       |       |       |     1 |       ||     1
Evoke: Wand              |       |       |     1 |    40 |    14 |    19 ||    74
  Use: Scroll            |       |       |       |    17 |    12 |     8 ||    37
       Potion            |       |       |       |     5 |     5 |     8 ||    18
 Stab: Sleeping          |       |     1 |     1 |    14 |     7 |     4 ||    27
       Distracted        |       |       |       |     3 |     1 |     3 ||     7
       Paralysed         |       |       |       |     1 |     2 |       ||     3
       Invisible         |       |       |       |       |       |     9 ||     9
  Eat: Chunk             |    10 |     8 |    14 |    42 |    13 |    30 ||   117
       Ration            |       |       |     1 |       |     2 |       ||     3
Armor: Leather armour    |    18 |    14 |    23 |    73 |     7 |       ||   135
       Acid dragon scale |       |       |       |       |     8 |       ||     8
       Troll leather arm |       |       |       |       |    30 |    92 ||   122
Dodge: Dodged            |    54 |   111 |   202 |   661 |   381 |   638 ||  2047
Block: Other             |       |       |       |    22 |    19 |       ||    41
       Reflection        |       |       |       |     2 |       |    26 ||    28
       Buckler           |       |       |       |       |    24 |   389 ||   413
       Rpst.: Falchion   |     8 |       |       |       |       |       ||     8
